 Dungeon Crawl Stone Soup version 0.32-a0-818-gb728d0252e (webtiles) character file.

Game seed: 6103527597609500738

144 Aldia the Chopper (level 5, -1/46 HPs)
             Began as a Mountain Dwarf Reaver on Mar 23, 2024.
             Slain by a river rat (7 damage)
             ... on level 3 of the Dungeon.
             The game lasted 00:05:31 (3320 turns).

Aldia the Chopper (Mountain Dwarf Reaver)           Turns: 3320, Time: 00:05:31

Health: -1/46      AC:  8    Str: 17    XL:     5   Next: 5%
Magic:  7/7        EV:  9    Int: 13    God:
Gold:   151        SH:  0    Dex:  8    Spells: 4/7 levels left

rFire   . . .        u - +0 war axe
rCold   . . .        (no shield)
rNeg    . . .        q - +0 ring mail
rPois   .            n - +0 helmet
rElec   .            (no cloak)
rCorr   .            v - +0 pair of gloves
SInv    .            g - +0 pair of boots
Will    .....        (no amulet) Stlth
                     (no ring)
HPRegen 0.27/turn    (no ring)
MPRegen 0.10/turn

%: no passive effects
@: no status effects
A: runic magic, artefact enchanting
a: no special abilities


You were on level 3 of the Dungeon.
You visited 1 branch of the dungeon, and saw 3 of its levels.

You collected 151 gold pieces.

Inventory:

Hand Weapons
 a - a +0 hand axe
 u - a +0 war axe (weapon)
Missiles
 t - 16 poisoned darts
Armour
 b - a +0 leather armour
 g - a +0 pair of boots (worn)
 n - a +0 helmet (worn)
 q - a +0 ring mail (worn)
 v - a +0 pair of gloves (worn)
Wands
 m - a wand of polymorph (1)
 p - a wand of acid (3)
Scrolls
 d - a scroll of blinking {unknown}
 e - a scroll of teleportation
 i - a scroll of poison {unknown}
 k - 2 scrolls of noise {unknown}
 o - 2 scrolls of fear {unknown}
 r - a scroll of butterflies {unknown}
Potions
 c - 2 potions of heal wounds
 f - a potion of curing
 h - a potion of invisibility {unknown}
 j - a potion of attraction {unknown}
 l - 2 potions of enlightenment
 s - a potion of might {unknown}
 w - 2 potions of resistance {unknown}


   Skills:
 + Level 3.7 Fighting
 * Level 4.4 Axes
 + Level 1.0 Armour
 - Level 1.3 Dodging
 - Level 1.7 Spellcasting
 - Level 3.0 Conjurations
 - Level 2.2 Necromancy
 + Level 1.1 Translocations


You had 4 spell levels left.
You knew the following spells:

 Your Spells              Type           Power      Damage    Failure   Level
a - Kiss of Death         Conj/Necr      28%        2d7       11%         1
b - Momentum Strike       Conj/Tloc      12%        3d8       19%         2

Your spell library contained the following spells:

 Spells                   Type           Power      Damage    Failure   Level
 Hailstorm                Conj/Ice       5%         3d5       43%         3


Dungeon Overview and Level Annotations

Branches:
Dungeon (3/15)

Altars:


Innate Abilities, Weirdness & Mutations

Your spellcasting is much less encumbered by armour.
You can use scrolls of enchantment on lesser artefacts.


Message History

Unknown command.
You closely miss the river rat.
The river rat is moderately wounded.
You closely miss the river rat. The river rat bites you.
The river rat misses you.
Unknown command.
You hit the river rat but do no damage.
The river rat is moderately wounded.
You hit the river rat. The river rat barely misses you.
The river rat misses you.
You barely miss the river rat.
The river rat is moderately wounded.
You barely miss the river rat. You hit the ribbon worm.
The river rat bites you. x2; The ribbon worm bites you.
The river rat bites you but does no damage.
The river rat barely misses you.
Unknown command.
You barely miss the river rat.
The river rat is moderately wounded.
You closely miss the river rat. You hit the ribbon worm.
The ribbon worm expels a string of sticky webbing.
The stream of webbing hits you but does no damage.
You are caught in a web!
The river rat barely misses you. The river rat bites you.
You are caught in a web!
Unknown command.
You are caught in a web!
Unknown command.
Unknown command.
You struggle to detach yourself from the web.
The river rat bites you but does no damage.
The ribbon worm bites you.
The river rat bites you but does no damage.
The web tears apart.
The river rat bites you. x2
* * * LOW HITPOINT WARNING * * *
The ribbon worm bites you.
* * * LOW HITPOINT WARNING * * *
The river rat attacks as it pursues you!
The river rat bites you!
You die...

#..~~+
#..~~#####
#..~~~~~~#
#...~~~..#
#.....~~~#
...r....#
#wrr..#
####.#
#.@r.#
#.#### #.#
#.# #.#
#.# #.#
#)# #.#


You could see 2 river rats.

Vanquished Creatures
  An orc priest (D:2)
  Robin (D:2)
  2 adders
  2 ribbon worms
  4 orcs
  4 ball pythons
  7 endoplasms
  3 giant cockroaches
  15 goblins
  6 hobgoblins
  7 jackals
  2 quokkas
  2 bats
  3 frilled lizards
  5 kobolds
  6 rats
70 creatures vanquished.

Notes
Turn   | Place    | Note
-------+----------+-------------------------------------------
     0 | D:1      | Aldia the Mountain Dwarf Reaver began the quest for the
                  | Orb.
     0 | D:1      | Reached XP level 1. HP: 17/17 MP: 3/3
   137 | D:1      | Reached skill level 4 in Axes
   174 | D:1      | Reached XP level 2. HP: 25/25 MP: 4/4
   276 | D:1      | Learned a level 2 spell: Momentum Strike
   338 | D:1      | Reached skill level 1 in Necromancy
   856 | D:2      | Reached XP level 3. HP: 31/31 MP: 5/5
  1015 | D:2      | Noticed Robin
  1042 | D:2      | Killed Robin
  1248 | D:2      | Reached XP level 4. HP: 7/37 MP: 6/6
  2328 | D:2      | Reached skill level 1 in Translocations
  2851 | D:3      | Reached XP level 5. HP: 38/46 MP: 7/7
  3071 | D:3      | Reached skill level 1 in Armour
  3320 | D:3      | Slain by a river rat

Illustrated notes

Levels and vault maps discovered:
D:1:      saegor_arrival_simple_a, layout_basic
D:2:      layout_basic, uniq_robin
D:3:      layout_loops_cross, portal_sewer_entry_e

Skill      XL: |  1  2  3  4  5 |
---------------+----------------+-----
Axes           | 4 |  4.4
Necromancy     | 1 2 |  2.2
Fighting       | 3 |  3.7
Conjurations   | 3 |  3.0
Translocations | 1 |  1.1
Armour         | 1 |  1.0
Dodging        | |  1.3
Spellcasting   | |  1.7

Action                     |  1- 3 |  4- 6 || total
---------------------------+-------+-------++-------
  Melee: Hand axe          |   178 |    50 ||   228
         War axe           |       |    48 ||    48
   Cast: Kiss of Death     |     1 |       ||     1
    Use: Scroll            |     1 |     2 ||     3
         Potion            |     1 |       ||     1
 Armour: Leather armour    |   113 |     5 ||   118
         Ring mail         |       |    92 ||    92
  Dodge: Dodged            |   102 |    67 ||   169

Table legend: (Time is in decaauts)
 A = Elapsed time spent in this place.
 B = Non-inter-level travel time spent in this place.
 C = Inter-level travel time spent in this place.
 D = Time resting spent in this place.
 E = Time spent auto-exploring this place.
 F = Levels seen in this place.
 G = Mean time per level.
                   A        B        C        D        E       F      G
               +--------+--------+--------+--------+--------+-----+--------+
         Total |   3359 |   3078 |    281 |     70 |   2233 |   3 | 1119.7 |
       Dungeon |   3359 |   3078 |    281 |     70 |   2233 |   3 | 1119.7 |
               +--------+--------+--------+--------+--------+-----+--------+

Top non-repeatable levels by time:
     D:2: 1483 daAuts
     D:3: 1030 daAuts
     D:1: 845 daAuts
